 Dungeon Crawl Stone Soup version 0.29.1-4-g47bece8355 (webtiles) character file.

Game seed: 584191908022266441

40 Smoke420chilling the Shooter (level 3, -1/29 HPs)
             Began as a Human Hunter on Dec 7, 2022.
             Slain by an orc
             ... wielding a +0 dagger
              (3 damage)
             ... on level 2 of the Dungeon.
             The game lasted 00:04:15 (2277 turns).

Smoke420chilling the Shooter (Human Hunter)         Turns: 2277, Time: 00:04:16

Health: -1/29      AC:  5    Str: 13    XL:     3   Next: 72%
Magic:  3/3        EV: 11    Int:  9    God:
Gold:   37         SH:  0    Dex: 16    Spells: 2/2 levels left

rFire   . . .      SeeInvis .   g - +0 long sword
rCold   . . .      Faith    .   (no shield)
rNeg    + . .      Spirit   .   f - +0 ring mail
rPois   .          Reflect  .   (no helmet)
rElec   .          Harm     .   (no cloak)
rCorr   .          Rampage  .   (no gloves)
Will    .....                   (no boots)
Stlth   +.........              m - amulet of magic regeneration
HPRegen 0.09/turn               r - ring of positive energy
MPRegen 0.48/turn               (no ring)

@: no status effects
A: no striking features
a: no special abilities


You were on level 2 of the Dungeon.
You visited 1 branch of the dungeon, and saw 3 of its levels.

You collected 37 gold pieces.

Inventory:

Hand Weapons
 a - a +0 shortbow
 e - a +0 short sword
 g - a +0 long sword (weapon)
 j - a +0 dagger of venom
Armour
 c - a +0 leather armour
 f - a +0 ring mail (worn)
Jewellery
 m - an amulet of magic regeneration (around neck)
 r - a ring of positive energy (left hand)
Scrolls
 b - a scroll of immolation
 d - a scroll of butterflies {unknown}
 h - a scroll of vulnerability {unknown}
 l - a scroll of identify {unknown}
 n - a scroll of teleportation {unknown}
 o - a scroll of magic mapping {unknown}
 p - a scroll of enchant weapon {unknown}
Potions
 i - a potion of berserk rage {unknown}
 k - a potion of curing {unknown}
 q - a potion of lignification {unknown}


   Skills:
 + Level 3.1 Fighting
 + Level 1.3 Long Blades
 - Level 4.0 Ranged Weapons
 - Level 2.1 Dodging
 - Level 1.2 Stealth


You had 2 spell levels left.
You didn't know any spells.
Your spell library was empty.

Dungeon Overview and Level Annotations

Branches:
Dungeon (3/15)

Altars:


Message History

There is a stone staircase leading down, spattered with blood here.
You hit the hound.
The hound is lightly wounded.
The hound bites you. The orc hits you with a +0 dagger.
The kobold closely misses you. The hound completely misses you.
You closely miss the hound.
The hound is lightly wounded.
The hound bites you. The orc hits you but does no damage.
The kobold hits you but does no damage. The hound bites you but does no damage.
The orc hits you but does no damage. The kobold misses you.
You hit the hound but do no damage.
The hound is lightly wounded.
The hound bites you. The hound bites you but does no damage.
The kobold barely misses you. The orc hits you with a +0 dagger.
You hit the hound but do no damage.
The hound is lightly wounded.
The hound barely misses you. The orc hits you with a +0 dagger.
The kobold hits you but does no damage. The hound barely misses you.
Okay, then.
You closely miss the hound.
The hound is lightly wounded.
The hound bites you. The orc hits you with a +0 dagger.
* * * LOW HITPOINT WARNING * * *
The kobold hits you with a +0 short sword.
* * * LOW HITPOINT WARNING * * *
The hound closely misses you. The orc hits you but does no damage.
The kobold hits you with a +0 short sword.
* * * LOW HITPOINT WARNING * * *
You slash the hound!
The hound is almost dead.
The hound barely misses you. The hound closely misses you.
The kobold hits you with a +0 short sword.
* * * LOW HITPOINT WARNING * * *
The orc hits you but does no damage.
You hit the hound but do no damage.
The hound is almost dead.
The hound closely misses you. The orc barely misses you.
The kobold barely misses you. The hound misses you.
The orc hits you with a +0 dagger.
You die...

....# #.# #. ....# #.# #.
###.##### #.# #. ........# #.# #.
##......# ############# #.# #.
#......# #...........####.# #.
#...#######.######......##.# #.
###........##########....##.####.
...........##..h@o..#....##......
...........##.♣K..♣.#....##..####
.....########.......##........#..
.......##...#.♣...♣.#######.#.#.#
....##......#.......# #.#.#.#
########....#.♣...♣.# #####.....#
#......#.).....###.....#####
#######.#...####.####...#####
.....................####


You could see a hound, an orc and a kobold.

Vanquished Creatures
  A dart slug (D:2)
  2 orcs (D:2)
  5 ball pythons
  3 bats (D:2)
  6 endoplasms
  2 giant cockroaches (D:2)
  A goblin (D:2)
  4 hobgoblins
  2 quokkas
  A frilled lizard (D:1)
  2 kobolds (D:2)
  2 rats
31 creatures vanquished.

Notes
Turn   | Place    | Note
-------+----------+-------------------------------------------
     0 | D:1      | Smoke420chilling the Human Hunter began the quest for the
                  | Orb.
     0 | D:1      | Reached XP level 1. HP: 16/16 MP: 1/1
   278 | D:1      | Reached XP level 2. HP: 19/22 MP: 2/2
   911 | D:2      | Found a faded altar of an unknown god.
   928 | D:2      | Reached XP level 3. HP: 28/28 MP: 3/3
   958 | D:2      | HP: 1/28 [poisoned by a kobold]
  1377 | D:2      | Reached skill level 1 in Long Blades
  2277 | D:2      | Slain by an orc

Illustrated notes

Levels and vault maps discovered:
D:1:      dreamdust_arrival_sigmund_warning, layout_rooms, serial_corexii_hall,
          corexii_hall_statues_s, chequers_hall_statues_corner_a
D:2:      layout_basic, shapermc_ecumenical_altar_starsandcircs,
          grunt_ministairs_3
D:3:      layout_rooms, nzn_wu_jian_council_hall, tgw_xom

Skill      XL: |  1  2  3 |
---------------+----------+-----
Long Blades    | 1 |  1.3
Fighting       | 3 |  3.1
Ranged Weapons | |  4.0
Dodging        | |  2.1
Stealth        | |  1.2

Action                   || total
-------------------------++-------
Melee: Unarmed           ||     7
       Short sword       ||    26
       Long sword        ||    69
       Punch             ||     2
 Fire: Shortbow          ||     6
Armor: Ring mail         ||    45
Dodge: Dodged            ||    83
